 Seeded DCSS version 0.29-a0-643-ga013cefcf8 (webtiles) character file.

Game seed: 10802498693541890562 (custom seed)

78 wilfster70 the Magician (level 4, -1/31 HPs)
             Began as a Djinni Hedge Wizard on June 19, 2022.
             Slain by a hobgoblin (3 damage)
             ... led by Robin
             ... on level 2 of the Dungeon.
             The game lasted 00:08:08 (3035 turns).

wilfster70 the Magician (Djinni Hedge Wizard)       Turns: 3035, Time: 00:08:08

Health: -1/31      AC:  2    Str:  9    XL:     4   Next: 61%
Gold:   118        EV: 12    Int: 18    God:
                   SH:  0    Dex: 12

rFire   + + .      SeeInvis .   a - +1 dagger (speed)
rCold   x . .      Faith    .   (no shield)
rNeg    . . .      Spirit   .   b - +0 robe
rPois   ∞          Reflect  .   c - +0 hat
rElec   .          Harm     .   (no cloak)
rCorr   .          Rampage  .   (no gloves)
Will    .....                   (boots unavailable)
Stlth   ++........              (no amulet)
HPRegen 0.10/turn               (no ring)
MPRegen 0.00/turn               (no ring)

@: flying, studying Polearms
A: sickness immunity, fire resistance 2, cold vulnerability 1, float, innate
caster, HP casting, extra vitality 1
a: no special abilities


You were on level 2 of the Dungeon.
You visited 1 branch of the dungeon, and saw 2 of its levels.

You collected 118 gold pieces.

Inventory:

Hand Weapons
 a - a +1 dagger of speed (weapon)
Armour
 b - a +0 robe (worn)
 c - a +0 hat (worn)
Scrolls
 e - a scroll of fog {unknown}
 f - a scroll of teleportation
 g - a scroll of enchant armour {unknown}
 h - a scroll of identify {unknown}
 k - a scroll of brand weapon {unknown}
 l - a scroll of noise {unknown}
 m - a scroll of poison {unknown}
 n - a scroll of fear {unknown}
Potions
 d - a potion of degeneration {unknown}
 i - a potion of berserk rage {unknown}
 j - a potion of haste {unknown}
 o - a potion of magic {unknown}
 p - a potion of brilliance {unknown}


   Skills:
 - Level 2.6 Dodging
 - Level 2.0 Stealth
 + Level 3.6 Spellcasting


You couldn't memorise any spells.
You knew the following spells:

 Your Spells              Type           Power      Damage    Failure   Level
a - Magic Dart            Conj           64%        1d6       3%          1
b - Call Imp              Summ           16%        N/A       4%          2
c - Blink                 Tloc           32%        N/A       4%          2
d - Slow                  Hex            64%        N/A       3%          1
e - Conjure Flame         Conj/Fire      16%        6-21      10%         3
f - Mephitic Cloud        Conj/Pois/Air  16%        N/A       10%         3
g - Summon Small Mammal   Summ           64%        N/A       3%          1
Your spell library was empty.

Dungeon Overview and Level Annotations

Branches:
Dungeon (2/15)

Altars:

Annotations:
D:2 Robin


Innate Abilities, Weirdness & Mutations

You are immune to sickness and miasma.
You are immune to poison.
Your flesh is very heat resistant. (rF++)
You are vulnerable to cold. (rC-)
You float through the air rather than walking.
You learn spells naturally, not from books.
Your magical power is your life essence.
You have superior vitality. (+4 MHP)


Message History

A beastly little devil appears in a puff of flame.
The hobgoblin barely misses your crimson imp.
The hobgoblin misses your crimson imp.
The goblin hits your crimson imp but does no damage.
A goblin comes into view. It is wielding a +0 dagger.
Your crimson imp barely misses the hobgoblin.
Robin completely misses your crimson imp.
The hobgoblin misses your crimson imp.
The goblin hits your crimson imp with a +0 club.
Your crimson imp blinks!
Robin says, "My goblins will feast on your bones."
Robin throws the goblin at you! The goblin hits you but does no damage.
Robin roars a battlecry!
The goblins go into a battle-frenzy!
The goblin closely misses you.
You closely miss the goblin. The goblin closely misses you.
You completely miss the goblin. You hit the goblin.
The goblin is moderately wounded.
Robin throws the goblin at you!
The goblin hits you with a +0 dagger. x2
You barely miss the goblin. The goblin closely misses you. x3
You hit the goblin.
The goblin is heavily wounded.
You closely miss the goblin.
The goblin is moderately wounded.
A goblin comes into view.
It is wielding a +0 dagger and quivering atropa-tipped darts.
The goblin hits you with a +0 dagger. The goblin hits you with a +0 club.
* * * LOW HITPOINT WARNING * * *
The hobgoblin barely misses you. The goblin hits you with a +0 dagger.
* * * LOW HITPOINT WARNING * * *
Okay, then.
Unknown command.
Okay, then.
Unknown command.
Casting: Call Imp (safe; 4% risk of failure)
Confirm with . or Enter, or press ? or * to list all spells.
* * * LOW HITPOINT WARNING * * *
Your crimson imp hits Robin but does no damage.
The hobgoblin hits you.
You die...

### ##.######## ....##....#
##..##.#### ### ##..##.# #.#
.#..##.# #r#
.#..##.#########g##
.#..##.[.......g@g#
.#.......#######.g#
.#..##.#########g.# #....
.#..#............5.........
.......#########..####...#.
...........................
.#..##..########.........#.
.#..##..## #.g#........#
.#..##...#######...).......#


You could see Robin, a hobgoblin (strong), 4 goblins, a friendly crimson imp
(summoned) and a friendly quokka (summoned).

Vanquished Creatures
  An adder (D:2)
  A worm (D:2)
  2 bats
  5 endoplasms
  3 giant cockroaches (D:1)
  8 goblins
  3 hobgoblins (D:1)
  3 jackals (D:1)
  4 kobolds
  2 quokkas (D:1)
  4 ball pythons
  6 frilled lizards
  3 rats
45 creatures vanquished.

Vanquished Creatures (collateral kills)
  2 worms (D:2)
  2 endoplasms (D:1)
  A giant cockroach (D:1)
  A goblin (D:2)
  A kobold (D:1)
  2 ball pythons
9 creatures vanquished.

Grand Total: 54 creatures vanquished

Notes
Turn   | Place    | Note
-------+----------+-------------------------------------------
     0 | D:1      | wilfster70 the Djinni Hedge Wizard began the quest for the
                  | Orb.
     0 | D:1      | wilfster70 set off with the following spells memorised:
                  | Magic Dart, Blink, Call Imp, Slow, Conjure Flame, Mephitic
                  | Cloud.
     0 | D:1      | Reached XP level 1. HP: 15/15 MP: 0/0
     7 | D:1      | Identified a scroll of acquirement
     7 | D:1      | Acquired a manual of Polearms
   497 | D:1      | Reached XP level 2. HP: 13/21 MP: 0/0
  1065 | D:1      | Reached XP level 3. HP: 12/25 MP: 0/0
  1065 | D:1      | Learned a level 1 spell: Summon Small Mammal
  1327 | D:1      | Found Resops's Armour Shop.
  1368 | D:1      | Reached skill level 3 in Spellcasting
  2210 | D:2      | Reached XP level 4. HP: 24/31 MP: 0/0
  2708 | D:2      | Noticed Robin
  3035 | D:2      | Slain by a hobgoblin

Illustrated notes

Levels and vault maps discovered:
D:1:      kilobyte_arrival_exit_the_forest, layout_loops_ring, serial_shops,
          shop
D:2:      layout_basic, uniq_robin

Skill      XL: |  1  2  3 |
---------------+----------+-----
Stealth        | 2 |  2.0
Spellcasting   | 3 |  3.6
Dodging        | |  2.6

Action                   |  1- 3 |  4- 6 || total
-------------------------+-------+-------++-------
Melee: Dagger            |     3 |     6 ||     9
 Cast: Magic Dart        |    75 |    21 ||    96
       Call Imp          |     8 |     4 ||    12
       Blink             |     1 |       ||     1
       Summon Small Mamm |       |     1 ||     1
  Use: Scroll            |     1 |     1 ||     2
Armor: Robe              |     5 |     1 ||     6
Dodge: Dodged            |    16 |     6 ||    22

Table legend: (Time is in decaauts)
 A = Elapsed time spent in this place.
 B = Non-inter-level travel time spent in this place.
 C = Inter-level travel time spent in this place.
 D = Time resting spent in this place.
 E = Time spent auto-exploring this place.
 F = Levels seen in this place.
 G = Mean time per level.
                   A        B        C        D        E       F      G
               +--------+--------+--------+--------+--------+-----+--------+
         Total |   3032 |   2997 |     35 |   1198 |   1258 |   2 | 1516.0 |
       Dungeon |   3032 |   2997 |     35 |   1198 |   1258 |   2 | 1516.0 |
               +--------+--------+--------+--------+--------+-----+--------+

Top non-repeatable levels by time:
     D:1: 1975 daAuts
     D:2: 1057 daAuts
